 Dungeon Crawl Stone Soup version 0.23-a0-241-g3b46b07 (console) character file.

168 nht the Insei (level 5, -4/33 HPs)
             Began as an Octopode Transmuter on Sept 26, 2018.
             Slain by a gnoll
             ... wielding a +0 glaive
              (12 damage)
             ... on level 6 of the Dungeon.
             The game lasted 00:05:22 (1920 turns).

nht the Insei (Octopode Transmuter)                 Turns: 1920, Time: 00:05:23

Health: -4/33      AC:  1    Str: 12 (14) XL:     5   Next: 48%
Magic:  8/8        EV: 13    Int: 13 (16) God:
Gold:   128        SH:  4    Dex: 12 (13) Spells: 6/8 levels left

rFire    . . .     SeeInvis .   m - +2 whip (elec)
rCold    . . .     Gourm    .   e - +0 buckler
rNeg     . . .     Faith    .   (helmet restricted)
rPois    .         Spirit   .   (no amulet)
rElec    .         Reflect  .   (no ring)
rCorr    .         Harm     .   (no ring)
MR       .....                  (no ring)
Stlth    ++........             (no ring)
HPRegen  0.11/turn              (no ring)
MPRegen  0.11/turn              (no ring)
                                (no ring)
                                (no ring)

@: mighty
A: almost no armour, stealthy swim, amphibious, 8 rings, constrict 8, tentacle
spike 1, camouflage 1, gelatinous body 1, evolution 1
a: no special abilities


You were on level 6 of the Dungeon.
You were not hungry.

You visited 1 branch of the dungeon, and saw 4 of its levels.

You collected 128 gold pieces.

Inventory:

Hand Weapons
 d - a +0 vampiric short sword
 j - a +0 arbalest
 m - a +2 whip of electrocution (weapon)
Missiles
 a - 31 arrows
Armour
 e - a +0 buckler (worn)
Jewellery
 l - an uncursed ring of magical power {unknown}
Potions
 k - a potion of might
Comestibles
 c - 2 rations
 g - 7 chunks of flesh


   Skills:
 - Level 1.0 Fighting
 - Level 2.3 Short Blades
 + Level 1.6 Maces & Flails
 - Level 2.0 Dodging
 + Level 3.0 Shields
 - Level 3.4 Unarmed Combat
 - Level 2.0 Spellcasting
 - Level 2.2 Transmutations


You had 6 spell levels left.
You knew the following spells:

 Your Spells              Type           Power        Failure   Level  Hunger
a - Sticks to Snakes      Tmut           #.......     17%         2    ###....

Your spell library contained the following spells:

 Spells                   Type           Power        Failure   Level  Hunger
 Beastly Appendage        Tmut           #.....       11%         1    ##.....
 Spider Form              Tmut/Pois      #.........   47%         3    ####...
 Ice Form                 Ice/Tmut       #.......     87%         4    #####..
 Blade Hands              Tmut           #.........   97%         5    ######.


Dungeon Overview and Level Annotations

Branches:
Dungeon (3/15)

Altars:
Elyvilon
Gozag
Kikubaaqudgha
Wu Jian

Annotations:
D:3 1 transporter


Innate Abilities, Weirdness & Mutations

You cannot wear most types of armour.
You are very stealthy in the water. (Stealth+)
You are amphibious.
You can wear up to eight rings at the same time.
You can use your tentacles to constrict eight enemies at once.
Your skin changes colour to match your surroundings (Stealth+).
Your rubbery body absorbs attacks. (AC +1, EV +1)
One of your tentacles bears a spike.
You evolve.


Message History

The gnoll hits you from afar with a spear.
You block the gnoll's attack. The gnoll hits you with a spear!
Things that are here:
a halberd; a throwing net; a gnoll corpse You hit the gnoll.
You grab the gnoll.
You pierce the gnoll.
The gnoll is moderately wounded.
You constrict the gnoll. You block the gnoll's attack.
The gnoll hits you from afar with a glaive.
The gnoll hits you with a spear.
* * * LOW HITPOINT WARNING * * *
You feel better.
You constrict the gnoll, but do no damage.
You block the gnoll's attack. The gnoll hits you but does no damage.
It was a potion of might.
You feel very mighty all of a sudden.
You constrict the gnoll.
The gnoll hits you from afar with a spear.
* * * LOW HITPOINT WARNING * * *
The gnoll hits you from afar with a glaive!
You die...

█.. █.. █..██ O..
█...████████..█
█████.............█
........†██████...█
█>.....gg....██...
████████g███.....
█@█ █.█ █(██████.█
█........█


██████████ You could see 3 gnolls.

Vanquished Creatures
  A bullfrog (D:6)
  Natasha (D:2)
  An adder (D:3)
  A gnoll (D:6)
  An ooze (D:1)
  A worm (D:2)
  2 giant cockroaches
  8 goblins
  14 hobgoblins
  9 kobolds
  5 bats
  3 frilled lizards
  6 rats
53 creatures vanquished.

Vanquished Creatures (collateral kills)
  A hobgoblin (D:3)
1 creature vanquished.

Grand Total: 54 creatures vanquished

Notes
Turn   | Place    | Note
-------+----------+-------------------------------------------
     0 | D:1      | nht the Octopode Transmuter began the quest for the Orb.
     0 | D:1      | Reached XP level 1. HP: 13/13 MP: 3/3
   128 | D:1      | Reached XP level 2. HP: 13/18 MP: 3/5
   610 | D:1      | Reached XP level 3. HP: 21/23 MP: 6/6
   815 | D:2      | Reached skill level 1 in Short Blades
   815 | D:2      | Reached skill level 1 in Shields
   954 | D:2      | Learned a level 2 spell: Sticks to Snakes
  1167 | D:2      | Noticed Natasha
  1189 | D:2      | Killed Natasha
  1189 | D:2      | Reached XP level 4. HP: 19/28 MP: 7/7
  1663 | D:3      | Found a transporter.
  1755 | D:3      | Found an opulent altar of Gozag.
  1766 | D:3      | Found a white marble altar of Elyvilon.
  1766 | D:3      | Found an ornate altar of the Wu Jian Council.
  1768 | D:3      | Found an ancient bone altar of Kikubaaqudgha.
  1878 | D:3      | You fall through a shaft for 3 floors!
  1878 | D:6      | Noticed a bullfrog
  1885 | D:6      | Noticed an ogre
  1904 | D:6      | Killed a bullfrog
  1904 | D:6      | Reached skill level 1 in Maces & Flails
  1904 | D:6      | Reached XP level 5. HP: 3/33 MP: 8/8
  1910 | D:6      | Gained mutation: You evolve. [potion of mutation]
  1910 | D:6      | Gained mutation: One of your tentacles bears a spike.
                  | [potion of mutation]
  1920 | D:6      | Slain by a gnoll

Vault maps used:
D:1:      dpeg_arrival_rooms_c, hangedman_decor_points
D:2:      first_ration, uniq_natasha
D:3:      gammafunk_wand_slinger, grunt_temple_overflow_open, minitemple,
          lemuel_blue_sif_altar
D:6:      minmay_temple_entry_statues_pillars

Skill      XL: |  1  2  3  4 |
---------------+-------------+-----
Short Blades   | 2 |  2.3
Shields        | 2 3 |  3.0
Maces & Flails | 1 |  1.6
Fighting       | |  1.0
Dodging        | |  2.0
Unarmed Combat | |  3.4
Spellcasting   | |  2.0
Transmutations | |  2.2

Action                   |  1- 3 |  4- 6 || total
-------------------------+-------+-------++-------
Melee: Unarmed           |    78 |       ||    78
       Constrict         |    21 |    12 ||    33
       Kick              |     2 |     1 ||     3
       Tentacles         |    14 |     8 ||    22
       Short sword       |    21 |    45 ||    66
       Punch             |     1 |     2 ||     3
       Whip              |       |    11 ||    11
 Cast: Beastly Appendage |     7 |       ||     7
       Sticks to Snakes  |       |     2 ||     2
  Use: Scroll            |     7 |     1 ||     8
       Potion            |     1 |     5 ||     6
 Stab: Sleeping          |     5 |     1 ||     6
  Eat: Ration            |     2 |       ||     2
       Chunk             |     1 |       ||     1
Armor: Skin              |    17 |     6 ||    23
Dodge: Dodged            |    40 |    35 ||    75
Block: Buckler           |     8 |    21 ||    29

Table legend:
 A = Non-vault XP
 B = Vault XP
 C = Vault XP percentage of total XP
 D = Non-vault monster count
 E = Vault monster count
 F = Vault count percentage of total count
                 A         B        C        D         E       F
            +---------+---------+-------+---------+---------+-------
      Total |     205 |      35 |  14.6 |      53 |       1 |   1.9
            +---------+---------+-------+---------+---------+-------
        D:1 |      34 |       0 |   0.0 |      17 |       0 |   0.0
        D:2 |      38 |      35 |  47.9 |      22 |       1 |   4.3
        D:3 |      29 |       0 |   0.0 |      12 |       0 |   0.0
        D:6 |     104 |       0 |   0.0 |       2 |       0 |   0.0
            +---------+---------+-------+---------+---------+-------
